 Dungeon Crawl Stone Soup version 0.23.2-1-ga50397a (webtiles) character file.

Game seed: 3700057091551292286

65 diana the Ducker (level 3, -7/42 HPs)
             Began as a Demonspawn Gladiator on May 18, 2019.
             Mangled by Sigmund
             ... wielding a +0 scythe
              (8 damage)
             ... on level 2 of the Dungeon.
             The game lasted 00:01:37 (1202 turns).

diana the Ducker (Demonspawn Gladiator)             Turns: 1202, Time: 00:01:37

Health: -7/42      AC: 21    Str: 14 (15) XL:     3   Next: 92%
Magic:  3/3        EV:  2    Int:  7 (9)  God:
Gold:   34         SH:  0    Dex: 13 (14) Spells: 2/2 levels left

rFire    + . .     SeeInvis .   a - +0 long sword
rCold    + . .     Gourm    .   (no shield)
rNeg     + + +     Faith    .   (armour currently unavailable)
rPois    +         Spirit   .   (helmet currently unavailable)
rElec    +         Reflect  .   (cloak currently unavailable)
rCorr    +         Harm     .   (gloves currently unavailable)
MR       .....     NoTele   +   (boots currently unavailable)
Stlth    +.........             (no amulet)
HPRegen  0.14/turn              (no ring)
MPRegen  0.08/turn              (no ring)

@: tree-form, resistant, berserk cooldown, slowed, very slow
A: no striking features
a: no special abilities


You were on level 2 of the Dungeon.
You were very hungry.
You were a tree.
You visited 1 branch of the dungeon, and saw 2 of its levels.

You collected 34 gold pieces.

Inventory:

Hand Weapons
 a - a +0 long sword (weapon)
Missiles
 d - 3 throwing nets (quivered)
Armour
 b - a +0 leather armour (melded)
 c - a +0 helmet
Jewellery
 m - an uncursed ring of fire {unknown}
Scrolls
 e - a scroll of random uselessness {unknown}
 g - 2 scrolls of noise {unknown}
 i - 4 scrolls of identify {unknown}
 j - 2 scrolls of teleportation {unknown}
Potions
 h - 2 potions of flight
Comestibles
 f - 6 rations


   Skills:
 + Level 2.6 Fighting
 * Level 3.2 Long Blades
 - Level 1.7 Throwing
 + Level 1.1 Armour
 * Level 3.3 Dodging


You had 2 spell levels left.
You didn't know any spells.
Your spell library was empty.

Dungeon Overview and Level Annotations

Branches:
Dungeon (2/15)

Altars:
Nemelex Xobeh

Annotations:
D:2 Sigmund


Innate Abilities, Weirdness & Mutations

((You have a pair of small horns on your head.))
((When seriously injured, your bleeding wounds create armour. (AC +0)))


Message History

* * * LOW HITPOINT WARNING * * *
Something hits you but does no damage.
You nearly hit yourself!
You feel less confused. Something hits you but does no damage.
You closely miss something. Something hits you but does no damage.
You miss something.
You feel a little less mighty now. Something hits you but does no damage.
You closely miss something. Something hits you but does no damage.
You closely miss something. Something hits you but does no damage.
You barely miss something.
Something hits you but does no damage. x2
You barely miss something. Something hits you.
* * * LOW HITPOINT WARNING * * *
You barely miss something. Something hits you but does no damage.
You closely miss something. Something hits you but does no damage.
You hit something but do no damage.
Sigmund appears from thin air!
Reactivating autopickup.
Sigmund hits you with a +0 scythe!
You die...

#######...###########
##### ... #### ....
♣♣♣♣♣ ♣♣♣♣♣♣ ♣♣....
♣♣♣♣♣....♣♣♣♣♣♣♣..♣
.♣♣...♣♣..........♣
...♣♣♣♣♣♣♣♣♣♣♣...♣♣
♣♣♣♣ ♣..@♣♣♣♣
♣♣.♣...♣ ♣....♣♣♣♣.♣
♣...♣♣♣♣ .... ..♣ ♣


You could see Sigmund.

Vanquished Creatures
  2 adders (D:2)
  An ooze (D:1)
  A leopard gecko (D:2)
  2 giant cockroaches (D:1)
  9 goblins
  2 hobgoblins
  4 jackals (D:1)
  4 bats
  A frilled lizard (D:2)
  9 kobolds
  5 rats
40 creatures vanquished.

Notes
Turn   | Place    | Note
-------+----------+-------------------------------------------
     0 | D:1      | diana the Demonspawn Gladiator began the quest for the Orb.
     0 | D:1      | Reached XP level 1. HP: 16/16 MP: 1/1
   166 | D:1      | Gained mutation: When seriously injured, your bleeding
                  | wounds create armour. (AC +0) [demonic ancestry]
   166 | D:1      | Reached XP level 2. HP: 18/22 MP: 2/2
   778 | D:1      | Gained mutation: You have a pair of small horns on your
                  | head. [demonic ancestry]
   778 | D:1      | Reached XP level 3. HP: 20/28 MP: 3/3
   906 | D:2      | Reached skill level 1 in Armour
  1083 | D:2      | Found a sparkling altar of Nemelex Xobeh.
  1152 | D:2      | Noticed Sigmund
  1199 | D:2      | HP: 1/42 [something (6)]
  1202 | D:2      | Mangled by Sigmund

Skill      XL: |  1  2  3 |
---------------+----------+-----
Long Blades    | 3 |  3.2
Dodging        | 3 |  3.3
Armour         | 1 |  1.1
Fighting       | |  2.6
Throwing       | |  1.7

Action                   || total
-------------------------++-------
Melee: Long sword        ||   118
       Headbutt          ||     5
  Use: Potion            ||     6
 Stab: Sleeping          ||     1
Armor: Leather armour    ||    33
       Skin              ||    18
Dodge: Dodged            ||   104
       Rpst.: Long sword ||    23
